 Dungeon Crawl Stone Soup version 0.26.1-11-gd32895ea62 (webtiles) character file.

Game seed: 15319502792794056292

20 Zenobius the Skirmisher (level 2, -2/19 HPs)
             Began as a Gargoyle Berserker on Apr 17, 2021.
             Was a Follower of Trog.
             Slain by a hobgoblin
             ... wielding a +0 club
              (3 damage)
             ... on level 1 of the Dungeon.
             The game lasted 00:04:03 (552 turns).

Zenobius the Skirmisher (Gargoyle Berserker)         Turns: 552, Time: 00:04:03

Health: -2/19      AC:  5    Str: 20    XL:     2   Next: 79%
Magic:  2/2        EV: 12    Int:  7    God:    Trog [*.....]
Gold:   26         SH:  0    Dex:  9    Spells: 1/1 levels left

rFire    . . .     SeeInvis .   a - +0 mace
rCold    . . .     Faith    .   (no shield)
rNeg     + . .     Spirit   .   b - +0 animal skin
rPois    ∞         Reflect  .   (no helmet)
rElec    +         Harm     .   (no cloak)
rCorr    .         Rampage  .   (no gloves)
Will     .....                  (no boots)
Stlth    +.........             (no amulet)
HPRegen  0.06/turn              (no ring)
MPRegen  0.08/turn              (no ring)

@: no status effects
A: negative energy resistance 1, electricity resistance, unbreathing,
petrification resistance, miasma immunity, AC +2
a: Renounce Religion, Berserk


You were on level 1 of the Dungeon.
You worshipped Trog.
Trog was aware of your devotion.
You visited 1 branch of the dungeon, and saw 1 of its levels.

You collected 26 gold pieces.

Inventory:

Hand Weapons
 a - a +0 mace (weapon)
Armour
 b - a +0 animal skin (worn)
Scrolls
 c - a scroll of enchant armour {unknown}
 d - 2 scrolls of identify {unknown}
 e - a scroll of magic mapping {unknown}
 f - a scroll of enchant weapon {unknown}
 h - 4 scrolls of teleportation {unknown}
 i - a scroll of amnesia {unknown}
Potions
 g - a potion of heal wounds {unknown}


   Skills:
 + Level 3.6 Fighting
 + Level 3.5 Maces & Flails
 + Level 2.3 Armour
 + Level 1.7 Dodging


You had one spell level left.
You didn't know any spells.
Your spell library was empty.

Dungeon Overview and Level Annotations

Branches:
Dungeon (1/15)

Altars:


Innate Abilities, Weirdness & Mutations

You are resistant to torment.
Your stone body is resilient. (AC +2)
You are immune to poison.
You resist negative energy. (rN+)
You are resistant to electric shocks. (rElec)
You can survive without breathing.
You are immune to petrification.
You are immune to miasma.


Message History

The kobold hits you with a +0 short sword.
You barely miss the hobgoblin. The hobgoblin hits you with a +0 club.
* * * LOW HITPOINT WARNING * * *
The hobgoblin hits you but does no damage.
The kobold hits you but does no damage.
You closely miss the hobgoblin. The hobgoblin closely misses you.
The hobgoblin hits you but does no damage.
The kobold barely misses you. The hobgoblin hits you with a +0 club.
* * * LOW HITPOINT WARNING * * *
You hit the hobgoblin.
The hobgoblin is lightly wounded.
The hobgoblin hits you but does no damage.
The kobold barely misses you. The hobgoblin barely misses you.
The kobold closely misses you. The hobgoblin hits you with a +0 club.
* * * LOW HITPOINT WARNING * * *
You closely miss the hobgoblin.
The hobgoblin is lightly wounded.
The hobgoblin closely misses you. The kobold completely misses you.
The hobgoblin hits you with a +0 club.
You die...

#.#.######## .#
#.#........# .#
#.#######..#+#.# .
#..†...#### .#
#.......... ####. #
#[....##... ...
#.##......[.. #######†#
#..$K....#.## ........#
####g@...# #
.######.#>......g..?#
........##............#
.##..##.##...........##
........###............
#########
######.#...### #.#....
#.#.####


You could see 2 hobgoblins and a kobold.

Vanquished Creatures
  2 leopard geckos (D:1)
  2 bats (D:1)
  5 goblins (D:1)
  A hobgoblin (D:1)
  A frilled lizard (D:1)
  3 kobolds (D:1)
  4 rats (D:1)
18 creatures vanquished.

Notes
Turn   | Place    | Note
-------+----------+-------------------------------------------
     0 | D:1      | Zenobius the Gargoyle Berserker began the quest for the
                  | Orb.
     0 | D:1      | Reached XP level 1. HP: 14/14 MP: 1/1
   160 | D:1      | Reached XP level 2. HP: 19/19 MP: 2/2
   552 | D:1      | Slain by a hobgoblin

Illustrated notes

Levels and vault maps discovered:
D:1:      dpeg_arrival_line_fractal, layout_basic

Action                   || total
-------------------------++-------
Melee: Mace              ||    56
Armor: Animal skin       ||    27
Dodge: Dodged            ||    45
